 Dungeon Crawl Stone Soup version 0.23-a0-335-gba3dfdf (webtiles) character file.

211604 Amnesiac the Unseen (level 18, -3/91 HPs)
             Began as a Felid Earth Elementalist on Oct 18, 2018.
             Was the Champion of Ashenzari.
             Killed by the raging water
             ... invoked by a water nymph
              (37 damage)
             ... on level 4 of the Shoals.
             The game lasted 02:31:35 (59508 turns).

Amnesiac the Unseen (Felid Earth Elementalist)     Turns: 59508, Time: 02:31:36

Health: -3/91      AC:  3    Str:  4    XL:     18   Next: 22%
Magic:  0/32       EV: 34    Int: 21    God:    Ashenzari [******]
Gold:   405        SH:  0    Dex: 20    Spells: 3/35 levels left
                                        Lives:  0   Deaths: 2

rFire    + . .     SeeInvis +     - Unarmed
rCold    + . .     Gourm    .   (shield unavailable)
rNeg     . . .     Faith    .   (armour unavailable)
rPois    .         Spirit   +   (helmet unavailable)
rElec    .         Reflect  .   (cloak unavailable)
rCorr    .         Harm     .   (gloves unavailable)
MR       ++...     Clarity  +   (boots unavailable)
Stlth    ++++++....             m - amulet of guardian spirit (curse)
HPRegen  0.25/turn              p - ring of Shadows {Umbra +Inv Stlth+} (curse)
MPRegen  0.23/turn              K - ring of protection from fire (curse)

@: wreathed by umbra, very slow
A: very small, no armour, no weapons or thrown items, stealth, claws 1, fangs 3,
see invisible, carnivore, speed 1, shaggy fur 3, slow metabolism 1, sharp paws
}: 1/15 runes: serpentine
a: Curse Item, Scrying, Transfer Knowledge, Renounce Religion, Evoke
Invisibility


You were on level 4 of the Shoals.
You worshipped Ashenzari.
Ashenzari was exalted by your worship.
You were completely stuffed.

You visited 6 branches of the dungeon, and saw 32 of its levels.
You also visited: Bailey.

You collected 2840 gold pieces.
You spent 2435 gold pieces at shops.

Inventory:

Missiles
 u - 786 stones
Jewellery
 a - an uncursed ring of flight
 m - a cursed amulet of guardian spirit (around neck)
 p - the cursed ring of Shadows (left paw) {Umbra +Inv Stlth+}
   (You bought it in a shop on level 2 of the Orcish Mines)

   [ring of stealth]

   It lets you turn invisible.
   It makes you more stealthy.
   It has a curse placed upon it.
 q - an uncursed ring of wizardry
 J - an uncursed ring of resist corrosion
 K - a cursed ring of protection from fire (right paw)
 M - an uncursed ring of protection from fire
 X - an uncursed amulet of faith
 Y - the amulet of Sosuuse {Harm *Drain rPois rF+}
   (You found it on level 4 of the Shoals)

   [amulet of harm]

   It increases damage dealt and taken.
   It protects you from fire.
   It protects you from poison.
   It causes draining when unequipped.
Wands
 e - a wand of random effects (33)
 f - a wand of iceblast (2)
 o - a wand of polymorph (27)
 w - a wand of enslavement (27)
 y - a wand of flame (49)
 B - a wand of paralysis (49)
 P - a wand of disintegration (29)
 Q - a wand of scattershot (4)
 T - a wand of clouds (10)
Scrolls
 b - 8 scrolls of blinking {!r}
 d - 11 scrolls of teleportation {!r}
 k - a scroll of vulnerability {!r}
 t - 6 scrolls of magic mapping {!r}
 z - 10 scrolls of remove curse {!r}
 A - 6 scrolls of amnesia {!r}
 E - a scroll of holy word {!r}
 H - 5 scrolls of noise {!r}
 L - 4 scrolls of fear {!r}
 N - a scroll of summoning {!r}
 O - a scroll of silence {!r}
 U - 4 scrolls of fog {!r}
 V - 2 scrolls of identify {!r}
Potions
 g - 7 potions of haste {!q}
 h - 7 potions of brilliance {!q}
 i - 5 potions of heal wounds {!q}
 j - 7 potions of lignification {!q}
 l - a potion of cancellation {!q}
 n - a potion of agility {!q}
 r - 2 potions of curing {!q}
 s - 3 potions of flight {!q}
 v - 3 potions of ambrosia {!q}
 x - 4 potions of might {!q}
 C - 4 potions of invisibility {!q}
 F - 2 potions of berserk rage {!q}
 R - a potion of resistance {!q}
Miscellaneous
 D - a box of beasts
 G - 4 sacks of spiders
 I - 2 phantom mirrors
 S - a lightning rod (4/4)
Comestibles
 c - 44 rations
 W - 14 chunks of flesh


   Skills:
 * Level 16.8 Fighting
 - Level 18.0 Dodging
 - Level 18.0 Stealth
 + Level 14.6 Unarmed Combat
 + Level 9.3 Spellcasting
 - Level 5.0(9.4) Conjurations
 - Level 5.0(9.4) Hexes
 - Level 1.1(3.7) Charms
 - Level 9.0(13.3) Transmutations
 + Level 12.2(16.3) Earth Magic
 - Level 4.0(8.2) Evocations


You had 3 spell levels left.
You knew the following spells:

 Your Spells              Type           Power        Failure   Level  Hunger
a - Sandblast             Erth           ######       0%          1    None
b - Passwall              Tmut/Erth      ######..     1%          2    None
c - Iron Shot             Conj/Erth      ######....   5%          6    ######.
d - Lee's Rapid Deconstr  Erth           ######....   1%          5    #####..
e - Petrify               Tmut/Erth      ######..     1%          4    ##.....
f - Apportation           Tloc           ##....       5%          1    None
g - Summon Butterflies    Summ           ##......     5%          1    None
q - Confuse               Hex            #####...     1%          3    None
r - Regeneration          Chrm/Necr      ###.......   9%          3    None
w - Borgnjor's Vile Clut  Necr/Erth      #####.....   6%          5    #####..
z - Confusing Touch       Hex            #####.       1%          1    None

Your spell library contained the following spells:

 Spells                   Type           Power        Failure   Level  Hunger
 Beastly Appendage        Tmut           ######       1%          1    None
 Corona                   Hex            #####..      1%          1    None
 Flame Tongue             Conj/Fire      ####.        1%          1    None
 Sting                    Conj/Pois      ####         1%          1    None
 Ensorcelled Hibernation  Hex/Ice        ####..       1%          2    None
 Dazzling Spray           Conj/Hex       #####.       1%          3    None
 Stone Arrow              Conj/Erth      ######       1%          3    None
 Tukima's Dance           Hex            #####...     1%          3    None
 Animate Skeleton         Necr           N/A          5%          1    None
 Pain                     Necr           ##..         5%          1    None
 Summon Small Mammal      Summ           ##..         5%          1    None
 Poisonous Vapours        Pois/Air       ##....       8%          2    None
 Gell's Gravitas          Tloc           ##........   16%         3    None
 Recall                   Summ/Tloc      N/A          16%         3    None
 Vampiric Draining        Necr           ##........   16%         3    None
 Leda's Liquefaction      Hex/Erth       ######....   1%          4    ##.....
 Yara's Violent Unravell  Hex/Tmut       ######....   1%          5    #####..
 Statue Form              Tmut/Erth      ######...    2%          6    ######.
 Bolt of Magma            Conj/Fire/Erth #####.....   5%          5    #####..
 Iskenderun's Battlesphe  Conj/Chrm      #####...     13%         5    #####..
 Metabolic Englaciation   Hex/Ice        ####......   24%         5    #####..
 Airstrike                Air            ##........   45%         4    ##.....
 Animate Dead             Necr           N/A          45%         4    ##.....
 Death Channel            Necr           ##........   100%        6    ######.
 Simulacrum               Ice/Necr       ##........   100%        6    ######.
 Shatter                  Erth           ######....   100%        9    #######
 Tornado                  Air            ##........   100%        9    #######


Dungeon Overview and Level Annotations

Branches:
Dungeon (15/15)            Temple (1/1) D:6            Lair (6/6) D:8
 Shoals (4/4) Lair:2        Snake (4/4) Lair:4        Slime (0/5) Lair:5
    Orc (2/2) D:9             Elf (0/3) Orc:2        Vaults (0/5) D:14
 Depths (0/5) D:15

Altars:
Ashenzari
Cheibriados
Dithmenos
Elyvilon
Fedhas
Gozag
Hepliaklqana
Kikubaaqudgha
Makhleb
Nemelex Xobeh
Okawaru
Qazlal
Ru
Sif Muna
Trog
Uskayaw
Vehumet
Wu Jian
Xom
Yredelemnul
Zin
The Shining One
Beogh
Jiyva

Shops:
D:5 *   D:6 %   D:9 :   Orc:2 ?=!?   Shoals:1 %   Snake:1 *   Snake:3 ?=[=?

Annotations:
D:7 Joseph
D:8 1 runed door, RoseArtemis's ghost, novice TrMo
Lair:5 1 exclusion
Shoals:3 2 transporters


Innate Abilities, Weirdness & Mutations

You cannot wear armour.
You are incapable of wielding weapons or throwing items.
Your paws allow you to move quietly. (Stealth)
You have sharp claws.
You have razor-sharp teeth.
You have supernaturally acute eyesight. (SInv)
You are carnivorous and can eat meat at any time.
You cover ground quickly.
Your thick and shaggy fur keeps you warm. (AC +3, rC+)
You have a slow metabolism.
Your sharp claws are effective at attacking unaware monsters.


Message History

You start resting.
The merfolk siren is too close now for your liking.
Casting: Passwall (safe; 1% risk of failure)
Confirm with . or Enter, or press ? or * to list all spells.
Aiming: Petrify (safe; 1% risk of failure)
Press: ? - help, Shift-Dir - straight line, f - merfolk siren
Aim: a merfolk siren, wielding a +0 spear (chance to defeat MR: 45%)
The merfolk siren is moving more slowly.
The merfolk siren chants a haunting song.
You are unaffected.
Unknown command.
The water nymph's watery aura covers the open door.
The merfolk siren closely misses you.
You claw the merfolk siren!
The merfolk siren is moderately wounded.
Your unstable footing causes you to fumble your attack.
The merfolk siren hits you with a +0 spear!
You catch the helpless merfolk siren completely off-guard!
You eviscerate the merfolk siren!!!
You kill the merfolk siren!
You hear a splash.
Casting: Petrify (safe; 1% risk of failure)
Confirm with . or Enter, or press ? or * to list all spells.
Aiming: Petrify (safe; 1% risk of failure)
Press: ? - help, Shift-Dir - straight line, f - water nymph
Aim: a water nymph (umbra, chance to defeat MR: 15%)
The water nymph resists with almost no effort.
The water nymph misses you.
Unknown command.
Casting: Petrify (safe; 1% risk of failure)
Confirm with . or Enter, or press ? or * to list all spells.
Aiming: Petrify (safe; 1% risk of failure)
Press: ? - help, Shift-Dir - straight line, f/p - water nymph
Aim: a water nymph (umbra, chance to defeat MR: 15%)
The water nymph resists with almost no effort.
The water nymph completely misses you.
Unknown command.
Casting: Petrify (safe; 1% risk of failure)
Confirm with . or Enter, or press ? or * to list all spells.
Aiming: Sandblast (safe; 0% risk of failure)
Press: ? - help, Shift-Dir - straight line, f/p - water nymph
Aim: a water nymph (umbra)
The blast of sand hits the water nymph.
The water nymph is heavily wounded.
u - 787 stones The water nymph gestures at you while chanting.
The water swirls and strikes you!
Unknown command.
Casting: Sandblast (safe; 0% risk of failure)
Confirm with . or Enter, or press ? or * to list all spells.
Aiming: Sandblast (safe; 0% risk of failure)
Press: ? - help, Shift-Dir - straight line, f/p - water nymph
Aim: a water nymph (heavily wounded, umbra)
The blast of sand hits the water nymph.
The water nymph is almost dead.
u - 786 stones The water nymph casts a spell at you.
The water swirls and strikes you!
* * * LOW HITPOINT WARNING * * *
Unknown command.
The water nymph completely misses you.
The water nymph gestures at you while chanting.
The water swirls and strikes you!
You die...

≈≈ ≈#################### ≈ ≈≈≈≈
≈≈≈≈≈≈≈≈≈≈≈≈≈≈≈≈≈≈≈≈≈ ≈ ≈
≈≈≈≈≈≈≈≈≈≈≈≈≈≈≈≈≈≈≈≈≈≈≈≈≈≈≈≈≈≈ ≈
≈≈≈≈≈≈≈≈≈≈≈≈≈≈≈≈≈≈≈≈≈≈≈≈≈≈ ≈≈≈ ≈
≈≈≈≈≈≈≈≈≈≈≈≈≈≈≈≈≈.≈≈≈≈≈≈≈≈≈≈≈ ≈≈
≈≈≈≈≈≈≈≈≈≈≈≈≈≈≈≈##.##≈≈≈≈ ≈ ≈≈≈
≈≈≈≈≈≈≈≈≈≈≈≈≈≈≈##)≈≈##≈≈≈ ≈ ≈ ≈≈
≈≈≈≈≈≈≈≈..≈≈...#≈m≈≈≈#≈ ≈≈≈ ≈
...≈≈≈≈≈.......#@≈=≈÷#≈≈≈≈≈≈≈≈≈≈≈
.....≈≈≈....).{#.)≈÷≈#≈≈≈≈≈≈≈≈≈≈≈
.....#####.....##≈)≈##≈≈≈≈≈≈≈≈≈≈≈
....##≈≈≈##.....#####≈≈≈≈≈≈≈≈≈≈≈≈
..).#(≈≈..#......≈≈≈≈≈≈≈≈≈≈≈≈≈≈≈≈
....#.≈=..#......≈≈≈≈≈≈≈≈≈≈≈≈≈≈≈≈
≈...#≈≈...#.......≈≈≈≈≈≈.≈≈≈≈≈≈≈≈
≈...##≈..##...)m..≈≈≈≈≈≈.≈≈≈≈≈≈≈≈
≈≈...##'##.........≈≈≈##+##≈≈≈≈≈≈


You could see a water nymph.

Vanquished Creatures
  Vashnia (Snake:3)
  Kirke (Snake:3)
  Roxanne (Snake:1)
  Ilsuiw (Shoals:2)
  10 nagarajas
  A frost giant (Shoals:1)
  An orc warlord (Bailey)
  Louise (D:14)
  A stone giant (Orc:1)
  2 dire elephants
  3 merfolk javelineers
  Josephine (D:10)
  3 merfolk impalers
  A fire dragon (Lair:6)
  A great orb of eyes (D:14)
  A vault guard (D:14)
  12 hydras
  13 naga warriors
  3 rakshasas (D:14)
  5 merfolk aquamancers
  2 merfolk avatars
  5 ogre magi
  17 anacondas
  2 centaur warriors
  10 death yaks
  A tengu warrior (D:14)
  3 satyrs
  23 two-headed ogres
  10 shock serpents
  17 naga sharpshooters
  A deep troll (D:14)
  4 unseen horrors
  10 wizards (D:12)
  A swamp dragon (Lair:6)
  11 sea snakes
  7 naga ritualists
  A deep elf mage (D:13)
  10 harpies
  9 ugly things
  2 wolf spiders
  7 orc knights
  2 orc sorcerers (D:15)
  11 mana vipers
  13 cyclopes
  14 fauns
  An oklob plant (Lair:3)
  6 manticores
  24 elephants
  8 salamanders
  9 merfolk sirens
  43 black mambas
  6 water nymphs
  A torpor snail (shapeshifter) (D:15)
  3 gargoyles (D:14)
  2 guardian serpents
  11 naga magi
  8 spiny frogs
  A rime drake (Lair:6)
  7 komodo dragons
  An efreet (D:14)
  A freezing wraith (D:15)
  2 tengu conjurers (D:14)
  5 trolls
  21 merfolk
  5 hornets
  2 wind drakes
  A polar bear (Lair:6)
  9 snapping turtles
  15 hippogriffs
  10 dream sheep
  4 blink frogs (Lair:3)
  26 slime creatures
  5 redbacks (Lair:6)
  4 shadows
  A spriggan (Lair:5)
  10 wraiths
  2 vampires
  10 wyverns
  16 water elementals
  25 yaks
  6 basilisks
  2 humans (Snake:3)
  3 steam dragons
  2 hungry ghosts
  3 hogs (Snake:3)
  Menkaure (D:6)
  12 wargs
  4 vampire mosquitoes (D:13)
  51 nagas
  A soldier ant (D:11)
  4 acid dragons
  19 water moccasins
  6 porcupines
  59 orc warriors
  A hornet zombie (D:13)
  3 black bears
  5 sky beasts
  2 swamp drakes (Lair:6)
  3 necrophages
  4 ice beasts
  An eye of draining (D:15)
  3 phantoms
  15 ogres
  6 wolves (Lair:4)
  14 centaurs
  11 crocodiles
  11 bullfrogs
  A wyvern zombie (D:9)
  6 killer bees
  2 scorpions (D:9)
  9 wights
  6 electric eels
  6 crimson imps
  4 howler monkeys
  7 centaur zombies
  21 orc priests
  3 bullfrog skeletons
  10 jellies
  4 centaur skeletons
  8 hounds
  3 iguanas
  A gnoll shaman (D:10)
  28 orc wizards
  5 hell rats (Lair:6)
  12 worker ants
  A hound zombie (D:8)
  A worker ant zombie (D:5)
  28 gnolls
  17 adders
  4 shadow imps
  15 oozes
  An adder zombie (D:7)
  An adder skeleton (D:4)
  A worm (D:3)
  4 dart slugs
  2 leopard geckos (D:7)
  121 orcs
  5 giant cockroaches
  34 goblins
  17 hobgoblins
  21 jackals
  9 kobolds
  2 quokkas
  2 ball pythons
  8 bats
  8 frilled lizards
  A quokka zombie (D:7)
  6 rats
  A fungus (Lair:4)
  A plant (Lair:6)
1260 creatures vanquished.

Vanquished Creatures (others)
  A swamp drake (Lair:6)
  74 fungi
  61 plants
136 creatures vanquished.

Grand Total: 1396 creatures vanquished

Notes
Turn   | Place    | Note
-------+----------+-------------------------------------------
     0 | D:1      | Amnesiac the Felid Earth Elementalist began the quest for
                  | the Orb.
     0 | D:1      | Reached XP level 1. HP: 7/7 MP: 4/4
   492 | D:4      | Reached XP level 2. HP: 11/11 MP: 4/6
   499 | D:4      | Learned a level 2 spell: Passwall
   608 | D:4      | Noticed an ogre
   700 | D:4      | Killed an ogre
   700 | D:4      | Reached XP level 3. HP: 14/14 MP: 2/7
   700 | D:4      | Reached XP level 4. HP: 18/18 MP: 2/8
   771 | D:4      | Learned a level 4 spell: Petrify
  1160 | D:4      | Reached XP level 5. HP: 19/21 MP: 9/9
  1255 | D:4      | Found a stormy altar of Qazlal.
  1331 | D:4      | Found a stormy altar of Qazlal.
  1341 | D:4      | Reached skill level 5 in Earth Magic
  1909 | D:5      | Entered Level 5 of the Dungeon
  1916 | D:5      | Found a glowing golden altar of the Shining One.
  1919 | D:5      | Gained mutation: You are covered in thick fur. (AC +2)
                  | [Felid growth]
  1919 | D:5      | Reached XP level 6. HP: 24/24 MP: 5/10
  2078 | D:5      | Found Jesupyh's Assorted Antiques.
  2079 | D:5      | Noticed an ice beast
  2085 | D:5      | Bought a scroll labeled ELAQOXKUMPU for 20 gold pieces
  2085 | D:5      | Bought a ruby potion for 18 gold pieces
  2085 | D:5      | Bought a fuming emerald potion for 18 gold pieces
  2085 | D:5      | Bought a cyan potion for 18 gold pieces
  2454 | D:5      | Killed an ice beast
  2658 | D:5      | Found a basalt altar of Yredelemnul.
  2683 | D:5      | Noticed an ice beast
  2829 | D:5      | Killed an ice beast
  2829 | D:5      | Reached XP level 7. HP: 27/27 MP: 2/11
  2923 | D:5      | Found a radiant altar of Vehumet.
  4127 | D:6      | Reached skill level 5 in Transmutations
  4213 | D:6      | Learned a level 1 spell: Confusing Touch
  4536 | D:6      | Noticed Menkaure
  4761 | D:6      | Killed Menkaure
  4761 | D:6      | Reached XP level 8. HP: 31/31 MP: 7/12
  5270 | D:6      | Reached skill level 5 in Dodging
  5468 | D:6      | Found a staircase to the Ecumenical Temple.
  5493 | D:6      | Found Bijoicw's Food Emporium.
  5523 | Temple   | Entered the Ecumenical Temple
  5656 | Temple   | Became a worshipper of Ashenzari the Shackled
  6854 | D:2      | Reached * piety under Ashenzari
  6862 | D:2      | Found a white marble altar of Elyvilon.
  7058 | D:2      | Found a burning altar of Makhleb.
  7354 | D:2      | Found a hide-covered altar of Uskayaw.
  7575 | D:2      | Reached skill level 1 in Fighting
  8276 | D:3      | You fall through a shaft!
  8569 | D:3      | Found a sparkling altar of Nemelex Xobeh.
  8714 | D:5      | Learned a level 5 spell: Lee's Rapid Deconstruction
  9612 | D:7      | Found an ancient bone altar of Kikubaaqudgha.
  9637 | D:7      | Noticed Joseph
  9916 | D:8      | Reached XP level 9. HP: 38/38 MP: 9/14
 10059 | D:8      | Noticed an elephant
 10106 | D:8      | Found a staircase to the Lair.
 10255 | D:8      | Killed an elephant
 10937 | D:8      | Found a shadowy altar of Dithmenos.
 10941 | D:8      | Reached ** piety under Ashenzari
 11225 | D:8      | Found a snail-covered altar of Cheibriados.
 11273 | D:8      | Noticed RoseArtemis's ghost (novice TrMo)
 11274 | D:8      | Found a runed door.
 11826 | D:9      | Reached XP level 10. HP: 42/42 MP: 13/15
 12024 | D:9      | Found Udwair's Book Shoppe.
 12408 | D:9      | Reached skill level 5 in Stealth
 12408 | D:9      | Reached skill level 5 in Unarmed Combat
 12513 | D:9      | Found a radiant altar of Vehumet.
 12657 | D:9      | Found a bloodstained altar of Trog.
 12657 | D:9      | Noticed a two-headed ogre
 12927 | D:9      | Reached *** piety under Ashenzari
 13389 | D:9      | Killed a two-headed ogre
 13568 | D:9      | Found an opulent altar of Gozag.
 13730 | D:9      | Found a staircase to the Orcish Mines.
 13932 | D:10     | Entered Level 10 of the Dungeon
 14099 | D:10     | Noticed Josephine
 14275 | D:10     | Found a flagged portal.
 14280 | Bailey   | Entered a bailey
 15310 | Bailey   | Noticed an orc warlord
 15560 | Bailey   | Reached XP level 11. HP: 45/45 MP: 8/16
 15636 | Bailey   | Killed an orc warlord
 15767 | Bailey   | Identified the cursed +3 scimitar of the Omega Point
                  | {slice, rC+}
 16646 | D:10     | Killed Josephine
 16897 | D:11     | Noticed a purple ugly thing
 16918 | D:11     | Killed a purple ugly thing
 16918 | D:11     | Reached skill level 10 in Dodging
 17507 | D:11     | Noticed an unseen horror
 17513 | D:11     | Killed an unseen horror
 17578 | D:11     | Noticed a two-headed ogre
 17585 | D:11     | Killed a two-headed ogre
 17740 | D:11     | Reached skill level 10 in Unarmed Combat
 17841 | D:12     | Reached skill level 10 in Stealth
 18211 | D:12     | Reached **** piety under Ashenzari
 18266 | D:12     | Noticed a wizard
 18266 | D:12     | Gained mutation: Your thick and shaggy fur keeps you warm.
                  | (AC +3, rC+) [Felid growth]
 18266 | D:12     | Reached XP level 12. HP: 48/48 MP: 14/17
 18884 | D:12     | HP: 2/48 [wizard/fireball (31)]
 19047 | D:12     | Reached skill level 1 in Evocations
 19591 | D:12     | Found the +3 warlock's mirror {reflect}
 19917 | Lair:1   | Entered Level 1 of the Lair of Beasts
 20640 | Lair:2   | Reached ***** piety under Ashenzari
 20755 | Lair:2   | Found a staircase to the Shoals.
 20999 | Lair:2   | Learned a level 3 spell: Confuse
 21001 | Lair:2   | Learned a level 1 spell: Apportation
 21183 | Lair:2   | Reached skill level 1 in Hexes
 21773 | Lair:3   | Reached XP level 13. HP: 44/52 MP: 13/19
 22107 | Lair:3   | Reached skill level 5 in Fighting
 24018 | Lair:4   | Reached skill level 5 in Hexes
 24459 | Lair:4   | Found a staircase to the Snake Pit.
 24644 | Lair:4   | Identified Thaumaturgy for Beginners
 24648 | Lair:4   | Learned a level 1 spell: Summon Butterflies
 24934 | Lair:5   | Found a viscous altar of Jiyva.
 24934 | Lair:5   | Found a staircase to the Slime Pits.
 24935 | Lair:5   | Reached skill level 5 in Spellcasting
 27167 | Lair:5   | Identified the cursed +1 robe of Zoerorett {rPois rC+
                  | Str-4}
 27290 | Lair:5   | Reached XP level 14. HP: 65/65 MP: 17/24
 27541 | Lair:4   | Reached skill level 10 in Fighting
 27541 | Lair:4   | Reached XP level 15. HP: 70/70 MP: 24/27
 27542 | Lair:4   | Reached XP level 16. HP: 76/76 MP: 24/29
 28801 | Lair:6   | Entered Level 6 of the Lair of Beasts
 31623 | Orc:1    | Entered Level 1 of the Orcish Mines
 31849 | Orc:1    | Learned a level 6 spell: Iron Shot
 32261 | Orc:1    | Reached skill level 1 in Conjurations
 32485 | Orc:2    | Entered Level 2 of the Orcish Mines
 32522 | Orc:2    | Reached skill level 15 in Stealth
 32714 | Orc:2    | Reached ****** piety under Ashenzari
 33533 | Orc:2    | Found a staircase to the Elven Halls.
 33978 | Orc:2    | Found a roughly hewn altar of Beogh.
 34070 | Orc:2    | Found Isacla Sulle's Magic Scroll Emporium.
 34070 | Orc:2    | Found Peawuc's Jewellery Shop.
 34075 | Orc:2    | Bought a scroll of summoning for 142 gold pieces
 34075 | Orc:2    | Bought a scroll of noise for 15 gold pieces
 34075 | Orc:2    | Bought a scroll of fog for 30 gold pieces
 34075 | Orc:2    | Identified a scroll of acquirement {!r}
 34248 | Orc:2    | Found Qixiurha's Magic Scroll Shop.
 34248 | Orc:2    | Found Zeas's Distillery.
 34253 | Orc:2    | Bought a scroll of blinking for 135 gold pieces
 34253 | Orc:2    | Bought a scroll of teleportation for 54 gold pieces
 34253 | Orc:2    | Bought a scroll of magic mapping for 63 gold pieces
 34253 | Orc:2    | Bought a scroll of magic mapping for 63 gold pieces
 34262 | Orc:2    | Bought a potion of agility for 52 gold pieces
 34262 | Orc:2    | Bought 2 potions of heal wounds for 130 gold pieces
 34262 | Orc:2    | Bought a potion of heal wounds for 65 gold pieces
 34262 | Orc:2    | Bought a potion of heal wounds for 65 gold pieces
 34262 | Orc:2    | Bought a potion of invisibility for 104 gold pieces
 34262 | Orc:2    | Bought a potion of invisibility for 104 gold pieces
 34262 | Orc:2    | Bought a potion of invisibility for 104 gold pieces
 34295 | Orc:2    | Bought an uncursed amulet of guardian spirit for 420 gold
                  | pieces
 35570 | D:13     | Found a blossoming altar of Fedhas.
 36428 | D:14     | Learned a level 3 spell: Regeneration
 36651 | Orc:2    | Bought the ring of Shadows {Umbra +Inv Stlth+} for 560 gold
                  | pieces
 36651 | Orc:2    | Found the ring of Shadows {Umbra +Inv Stlth+}
 36879 | D:15     | Entered Level 15 of the Dungeon
 36913 | D:14     | Noticed Louise
 36953 | D:14     | Killed Louise
 37026 | D:14     | Reached XP level 17. HP: 79/79 MP: 2/31
 37349 | D:14     | Found a sparkling altar of Nemelex Xobeh.
 38382 | D:14     | Found a gate to the Vaults.
 38669 | D:15     | Reached skill level 5 in Conjurations
 38864 | D:15     | Found a staircase to the Depths.
 39265 | D:15     | Reached skill level 15 in Dodging
 42226 | Snake:1  | Entered Level 1 of the Snake Pit
 42887 | Snake:1  | Noticed Roxanne
 42896 | Snake:1  | Killed Roxanne
 42949 | Snake:2  | HP: 4/80 [poisoned by a black mamba]
 43840 | Snake:1  | Reached XP level 18. HP: 64/85 MP: 6/32
 44124 | Snake:1  | Found Makuipha's Assorted Antiques.
 44147 | Snake:1  | Bought a scroll labeled JYTULU VOFO for 37 gold pieces
 44147 | Snake:1  | Bought a smoky orange potion for 33 gold pieces
 44147 | Snake:1  | Bought a thin jasper amulet for 185 gold pieces
 46312 | Snake:3  | Found Vicawyef's Magic Scroll Shop.
 46316 | Snake:3  | Reached skill level 10 in Earth Magic
 46342 | Snake:3  | Found Feli's Jewellery Emporium.
 46358 | Snake:3  | Found Bokeriud's Antique Armour Shop.
 46922 | Snake:3  | Noticed Vashnia
 47356 | Snake:3  | Noticed Kirke
 47371 | Snake:3  | Slain by a harpy
 47372 | Snake:3  | Reached XP level 17. HP: -3/82 MP: 0/31
 47544 | Snake:3  | Killed Kirke
 47832 | Snake:3  | Killed Vashnia
 48185 | Snake:2  | HP: 4/83 [poisoned by a nagaraja (poison arrow)]
 48191 | Snake:2  | HP: 3/83 [poisoned by a nagaraja (poison arrow)]
 48197 | Snake:2  | HP: 2/83 [poisoned by a nagaraja (poison arrow)]
 48205 | Snake:2  | HP: 2/83 [poisoned by a nagaraja (poison arrow)]
 48731 | Snake:3  | Found Waxivaen's Jewellery Shop.
 49746 | Snake:3  | Found Rucrir's Magic Scroll Shop.
 50011 | Snake:4  | Entered Level 4 of the Snake Pit
 50322 | Shoals:1 | Entered Level 1 of the Shoals
 50330 | Shoals:1 | Found Efris's Food Boutique.
 52484 | Snake:4  | Demolished by a nagaraja
 52485 | Snake:4  | Reached XP level 16. HP: -14/80 MP: 0/30
 52533 | Snake:4  | Reached XP level 17. HP: 84/84 MP: 3/31
 52649 | Snake:4  | Reached skill level 15 in Fighting
 53021 | Snake:4  | Reached skill level 1 in Charms
 54501 | Snake:4  | Got a serpentine rune of Zot
 55230 | Shoals:1 | Identified the Volume of the Trees
 55971 | Shoals:3 | Found a transporter.
 55972 | Shoals:3 | Identified the cursed ring "Qashroiru" {+Blink Int-3 Dex+2
                  | SInv}
 55974 | Shoals:3 | Identified the amulet of the Insatiable People {Inacc
                  | *Drain rN+ MR+}
 56287 | Shoals:3 | Found a transporter.
 56652 | Shoals:3 | Learned a level 5 spell: Borgnjor's Vile Clutch
 58408 | Shoals:2 | Noticed Ilsuiw
 58420 | Shoals:2 | Killed Ilsuiw
 58737 | Shoals:2 | Reached XP level 18. HP: 91/91 MP: 12/32
 58899 | Shoals:4 | Entered Level 4 of the Shoals
 58963 | Shoals:4 | Found a glowing golden altar of the Shining One.
 58994 | Shoals:4 | Identified the amulet of Sosuuse {Harm *Drain rPois rF+}
 59508 | Shoals:4 | Killed from afar by a water nymph

Vault maps used:
D:1:      sevenhm_arrival_forest_fort_large_2
D:2:      grunt_temple_overflow_open, makhleb_blood_cavern_becter
D:3:      marbit_many_paths
D:4:      grunt_qazlal_clouds, first_ration, kennysheep_flooded_box
D:5:      lemuel_doored_altar, lemuel_round_altar, serial_shops, shop_statue,
          yredelemnul_altar_generic
D:6:      temple_statues, serial_shops, nicolae_shop_behind_doors, uniq_menkaure
D:7:      kennysheep_mini, uniq_joseph
D:8:      lemuel_round_altar, grunt_dithmenos_smoke_and_mirrors,
          david_lair_generic, hellmonk_ghost_happy_afterlife
D:9:      kennysheep_mini_moat, nicolae_overflow_hidden_temple, erik_orc_2,
          serial_shops, shop, vehumet_altar_wand_db
D:10:     enter_bailey_3, uniq_josephine
D:12:     minmay_smoke_and_mirrors
D:13:     basic_altar
D:14:     david_vaults_5, nemelex_xobeh_ov_fountains_minmay,
          hangedman_fish_farm, uniq_louise
D:15:     hangedman_depths_entry_try_elsewhere_first
Temple:   jpeg_temple_clearing
Lair:1:   chequers_serial_rivers_micro_a, lemuel_old_faithful
Lair:2:   minmay_shoals_entry_beasts
Lair:3:   lemuel_slime, infiniplex_staircase_pool_2
Lair:4:   minmay_snake_entry_six_corridors
Lair:5:   mu_elephants_graveyard, slime_altar_1, beast_lair_carwin_1
Lair:6:   guppyfry_lair_end_dragon, hangedman_lair_tendril_chambers,
          grunt_forest_small_clearings
Shoals:1: serial_shops, shop_statue, st_cyclops
Shoals:2: uniq_ilsuiw
Shoals:3: gammafunk_its_a_trap, nicolae_shoals_so_close
Shoals:4: shoals_end_simple, hangedman_feature_mirror, lightli_airlock
Snake:1:  serial_shops, shop, serial_bayou_shore_a, uniq_roxanne
Snake:2:  grunt_ministairs_6, spider_trap, grunt_megastairs_4
Snake:3:  serial_shops, shop, shop, shop_statue, shop_statue, shop,
          nicolae_snake_shapes, uniq_vashnia, uniq_kirke
Snake:4:  minmay_snake_end_coiled, nrook_loot_triangle
Orc:1:    nicolae_orc_bridge_out, nooodl_orcs_dogs
Orc:2:    st_orc_town
Bailey:   bailey_axe_minmay_hex_keep, bailey

Skill      XL: |  1  2  3  4  5  6  7  8  9 10 11 12 13 14 15 16 17 18 |
---------------+-------------------------------------------------------+-----
Earth Magic    | 3 4 5 6 7 8 9 11 12 10 | 12.2
Transmutations | 2 3 6 8 9 |  9.0
Unarmed Combat | 2 3 4 7 10 12 14 | 14.6
Stealth        | 3 4 7 10 12 16 18 | 18.0
Dodging        | 3 6 8 10 12 14 18 | 18.0
Spellcasting   | 3 6 7 8 9 |  9.3
Fighting       | 3 4 9 10 11 12 16 13 | 16.8
Evocations     | 4 |  4.0
Hexes          | 2 5 |  5.0
Conjurations   | 4 5 |  5.0
Charms         | 1 |  1.1

Action                   |  1- 3 |  4- 6 |  7- 9 | 10-12 | 13-15 | 16-18 || total
-------------------------+-------+-------+-------+-------+-------+-------++-------
Melee: Unarmed           |     1 |   113 |   615 |   496 |   213 |  1633 ||  3071
       Bite              |       |    10 |    70 |    51 |    21 |   167 ||   319
       Punch             |       |       |     5 |    13 |    18 |    90 ||   126
 Cast: Sandblast         |    13 |    36 |    17 |   106 |    14 |   168 ||   354
       Petrify           |       |     9 |    82 |   123 |    99 |   604 ||   917
       Confusing Touch   |       |       |     8 |     9 |     9 |   104 ||   130
       Passwall          |       |       |    10 |    31 |     1 |    62 ||   104
       Lee's Rapid Decon |       |       |     3 |    16 |    11 |   138 ||   168
       Regeneration      |       |       |       |       |       |     7 ||     7
Invok: Curse Item        |       |       |     2 |     2 |       |     2 ||     6
 Abil: Evoke Flight      |       |       |       |     2 |       |       ||     2
       Evoke Invisibilit |       |       |       |       |       |     3 ||     3
Evoke: Wand              |       |     8 |     3 |       |       |     1 ||    12
  Use: Scroll            |       |     5 |       |    15 |     5 |    11 ||    36
       Potion            |       |     1 |       |     2 |     2 |    14 ||    19
 Stab: Sleeping          |     1 |     5 |    28 |    55 |     6 |   117 ||   212
       Petrified         |       |    13 |   117 |    85 |    48 |   268 ||   531
       Paralysed         |       |     8 |     4 |       |       |       ||    12
       Distracted        |       |     1 |     1 |     2 |       |     5 ||     9
       Petrifying        |       |       |    29 |    38 |    15 |   133 ||   215
       Confused          |       |       |     8 |     7 |     7 |    94 ||   116
       Invisible         |       |       |       |       |       |    10 ||    10
  Eat: Chunk             |     2 |    10 |    41 |    50 |    29 |   128 ||   260
       Ration            |       |       |       |       |       |     1 ||     1
Armor: Skin              |       |     7 |    23 |     9 |     4 |    18 ||    61
Dodge: Dodged            |    12 |    90 |   389 |   277 |   223 |  1653 ||  2644

Table legend:
 A = Non-vault XP
 B = Vault XP
 C = Vault XP percentage of total XP
 D = Non-vault monster count
 E = Vault monster count
 F = Vault count percentage of total count
                 A         B        C        D         E       F
            +---------+---------+-------+---------+---------+-------
      Total |  237338 |  135570 |  36.4 |     853 |     404 |  32.1
            +---------+---------+-------+---------+---------+-------
        D:1 |      41 |       0 |   0.0 |      26 |       0 |   0.0
        D:2 |     125 |      42 |  25.1 |      27 |       1 |   3.6
        D:3 |     122 |       2 |   1.6 |      25 |       1 |   3.8
        D:4 |     311 |       0 |   0.0 |      15 |       0 |   0.0
        D:5 |     800 |       0 |   0.0 |      27 |       0 |   0.0
        D:6 |     475 |     172 |  26.6 |      16 |       1 |   5.9
        D:7 |     656 |       0 |   0.0 |      17 |       0 |   0.0
        D:8 |    1569 |    1144 |  42.2 |      28 |       4 |  12.5
        D:9 |    2837 |     868 |  23.4 |      26 |      22 |  45.8
       D:10 |    2794 |    1928 |  40.8 |      35 |       9 |  20.5
       D:11 |    3421 |       0 |   0.0 |      24 |       0 |   0.0
       D:12 |    6135 |    6922 |  53.0 |      44 |      10 |  18.5
       D:13 |    9287 |       0 |   0.0 |      38 |       0 |   0.0
       D:14 |   14066 |    8178 |  36.8 |      33 |      12 |  26.7
       D:15 |   38193 |    2434 |   6.0 |      95 |       4 |   4.0
     Lair:1 |    1130 |       0 |   0.0 |       4 |       0 |   0.0
     Lair:2 |    2178 |     787 |  26.5 |      13 |       2 |  13.3
     Lair:3 |    8059 |     953 |  10.6 |      19 |      21 |  52.5
     Lair:4 |    9189 |    3458 |  27.3 |      26 |      16 |  38.1
     Lair:5 |    3724 |   12338 |  76.8 |      12 |      23 |  65.7
     Lair:6 |    8020 |   12459 |  60.8 |      23 |      43 |  65.2
   Shoals:1 |    4381 |    5538 |  55.8 |      10 |       8 |  44.4
   Shoals:2 |   15820 |    5829 |  26.9 |      37 |       5 |  11.9
   Shoals:3 |   20377 |       0 |   0.0 |      41 |       0 |   0.0
   Shoals:4 |    6541 |   11258 |  63.3 |      16 |      21 |  56.8
    Snake:1 |   15550 |    2058 |  11.7 |      28 |       1 |   3.4
    Snake:2 |   17974 |    1911 |   9.6 |      37 |       4 |   9.8
    Snake:3 |   23336 |   16577 |  41.5 |      38 |      18 |  32.1
    Snake:4 |   15701 |   28893 |  64.8 |      25 |      45 |  64.3
      Orc:1 |    2531 |    1005 |  28.4 |      23 |      12 |  34.3
      Orc:2 |    1995 |    7305 |  78.5 |      25 |      53 |  67.9
     Bailey |       0 |    3511 | 100.0 |       0 |      68 | 100.0
            +---------+---------+-------+---------+---------+-------
